Map: Odyssey LE

Players

Ranger - Winner!

  • Race: Terran Terran
  • League: Gold
  • Spawn Location: 5:00

Winthrowe

  • Race: Terran Terran
  • League: Silver
  • Spawn Location: 11:00

VOD

Have the link to the VOD?

Description

Time

  • Played on: Sept. 3, 2017, 12:31 p.m.
  • Length: 9:17
Show
View Real Time Build Order
Export as new Build Order

Ranger Terran - Winner!

Build Orders: MMM Bio 

Get SALT Encoding   

  12  0:01  SCV  
  13  0:13  SCV  
  14  0:20  Supply Depot  
  14  0:25  SCV  
  15  0:41  SCV  
  16  0:43  Barracks  
  16  0:51  Barracks  
  16  0:54  SCV  
  17  1:06  SCV, Refinery  
  18  1:19  SCV  
  19  1:30  Marine  
  19  1:31  Supply Depot  
  20  1:37  Orbital Command  
  20  1:40  Marine  
  20  2:13  Supply Depot  
  20  2:14  SCV  
  20  2:15  Command Center  
  21  2:22  Refinery  
  21  2:29  SCV  
  22  2:37  Barracks Tech Lab  
  22  2:39  Barracks  
  22  2:40  Barracks Tech Lab  
  22  2:45  SCV  
  23  2:57  SCV  
  24  3:09  SCV, Marauder x2  
  29  3:21  SCV  
  30  3:28  Barracks Reactor  
  30  3:29  Factory  
  30  3:34  Orbital Command  
  30  3:42  SCV  
  31  3:50  Combat Shields  
  31  3:52  Concussive Shells  
  31  3:54  SCV  
  32  4:06  SCV  
  32  4:08  Marine x2  
  35  4:16  Supply Depot  
  35  4:18  SCV, Supply Depot  
  35  4:19  Supply Depot  
  35  4:20  Factory Reactor  
  35  4:21  Starport  
  36  4:29  Barracks  
  36  4:30  SCV  
  37  4:33  Engineering Bay  
  37  4:34  SCV  
  38  4:43  SCV  
  39  4:46  SCV  
  40  5:08  Command Center  
  40  5:13  Viking x2  
  44  5:14  SCV  
  44  5:16  SCV  
  44  5:19  Barracks Reactor  
  46  5:23  Marine x4  
  46  5:26  SCV  
  50  5:28  Stimpack  
  50  5:32  Refinery  
  50  5:35  Refinery  
  50  5:38  SCV  
  51  5:44  Terran Infantry Weapons Level 1  
  51  5:59  Viking  
  53  6:09  Marine x4  
  53  6:10  Marine x2  
  59  6:21  Refinery  
  59  6:26  Supply Depot x2  
  59  6:27  Marine x4, Supply Depot  
  59  6:28  Marine x2  
  65  6:36  Viking  
  65  6:37  Viking  
  69  6:41  SCV  
  69  6:45  Marine x2  
  72  6:47  Orbital Command  
  74  6:54  Marauder  
  74  6:56  Marauder  
  76  7:06  Medivac  
  76  7:07  Medivac  
  64  7:35  Marine x3, Marauder x2  
  64  7:36  Marine  
  72  7:46  Armory, Medivac x2  
  72  7:48  SCV  
  72  7:51  SCV  
  78  7:53  Marine  
  78  7:56  Marauder x2  
  83  8:03  SCV  
Show
View Real Time Build Order
Export as new Build Order

Winthrowe Terran 

Build Orders: MMM Bio 

Get SALT Encoding   

  12  0:01  SCV  
  13  0:13  SCV  
  14  0:21  Supply Depot  
  14  0:25  SCV  
  15  0:37  Refinery  
  15  0:45  SCV, Barracks  
  16  1:01  SCV  
  17  1:18  SCV  
  18  1:30  SCV, Refinery  
  19  1:33  Supply Depot  
  19  1:40  Marine  
  19  1:43  SCV  
  21  1:55  SCV  
  21  1:58  Marine  
  23  2:02  Factory  
  23  2:07  SCV  
  24  2:16  Marine  
  24  2:19  SCV  
  26  2:31  SCV  
  26  2:34  Marine  
  28  2:43  SCV  
  29  2:46  Command Center  
  29  2:51  Marine  
  29  2:56  Starport  
  30  3:09  Marine  
  30  3:12  Factory Tech Lab  
  31  3:21  Orbital Command  
  31  3:34  Supply Depot x2  
  31  3:49  Barracks  
  31  3:55  Marine, Medivac  
  34  4:06  Factory Tech Lab  
  34  4:10  SCV  
  34  4:13  Marine  
  36  4:22  SCV  
  37  4:25  Medivac  
  37  4:31  Marine  
  39  4:34  SCV  
  41  4:39  Combat Shields  
  41  4:42  Infernal Pre-Igniter  
  41  4:47  Marine  
  41  4:49  Marine  
  41  4:52  Cyclone  
  46  4:55  Medivac  
  48  5:05  Marine  
  48  5:06  Marine  
  50  5:10  Engineering Bay  
  50  5:15  Engineering Bay  
  50  5:23  SCV x2, Marauder  
  50  5:24  Marine  
  55  5:35  SCV  
  55  5:36  SCV  
  55  5:42  Marine  
  58  5:45  Marauder  
  60  5:51  Terran Infantry Weapons Level 1, Terran Infantry Armor Level 1  
  60  5:58  Stimpack  
  60  6:00  Marine  
  61  6:11  Factory Reactor  
  61  6:15  Supply Depot x2  
  61  6:18  Marine  
  62  6:24  Refinery  
  62  6:27  Refinery  
  62  6:36  Marine, Marauder  
  62  6:38  Banshee, Supply Depot  
  62  6:39  Supply Depot  
  68  6:54  Marine  
  68  6:57  Marine  
  70  7:02  Supply Depot x2  
  70  7:04  SCV x2  
  72  7:11  Marine  
  72  7:15  Marine  
  73  7:16  SCV  
  57  7:28  Supply Depot  
  57  7:29  Marine, Hellion x2  
  50  7:33  Marauder  
  52  7:37  SCV  
  52  7:38  SCV  
  54  7:46  Medivac  
  54  7:47  Marine  
  54  7:49  SCV  
  54  7:50  SCV, Hellion  
  61  7:55  Barracks, Marauder  
  63  7:59  Concussive Shells  
  63  8:01  SCV  
  64  8:06  Barracks Reactor  
  64  8:16  Medivac, Marauder  
  53  8:28  Command Center  
  44  8:38  Marauder  
  44  8:40  Missile Turret  
  45  8:41  Missile Turret  
  45  8:46  Marine x2  
  38  8:53  Missile Turret  
Tags
 
Composition
MMM BioMMM Bio
Matchup
TvT
Race
Terran
Spawn Locations
Cross Positions
Add a new tag
Caveats
  • Supply blocks, unpowered buildings, or Contaminate may cause inaccurate times.
  • Supply counts are checked every 10 seconds.